Workbook
Name AbaDeprec: #REF!
Name AbaRemun: #REF!

Sheet 1. Serviços terceirizados
A11: 1. Serviços terceirizados - Limpeza, cozinheira, monitor e vigia
A12: Planilha de Composição de Custos
A14: Orçamento Sintético
A15: Descrição do Item | E15: Custo (R$/mês) | F15: %
A16: =A40 -> 1. Mão-de-obra - 40h semanais | E16: =+F116 -> 382513.96 | F16: =IFERROR(E16/$E$27,0) -> 0.78376452
A17: =A32 -> 1.1. Auxiliar de Limpeza | E17: =F50 -> 202617.13 | F17: =IFERROR(E17/$E$27,0) -> 0.41515901
A18: =A33 -> 1.2. Cozinheira | E18: =F60 -> 80355.27 | F18: =IFERROR(E18/$E$27,0) -> 0.16464657
A19: =A34 -> 1.3. Monitor de Alunos | E19: =F70 -> 15635.512 | F19: =IFERROR(E19/$E$27,0) -> 0.032036896
A20: =A35 -> 1.4. Vigia/Porteiro | E20: =F80 -> 17721.712 | F20: =IFERROR(E20/$E$27,0) -> 0.036311484
A21: =A87 -> 1.5. Vale-alimentação | E21: =F93 -> 40508.16 | F21: =IFERROR(E21/$E$27,0) -> 0.083000523
A22: =A95 -> 1.6. Vale-transporte | E22: =F105 -> 23811.856 | F22: =IFERROR(E22/$E$27,0) -> 0.048790082
A23: =A108 -> 1.7. Benefício familiar | E23: =F114 -> 1864.32 | F23: =IFERROR(E23/$E$27,0) -> 0.0038199596
A24: =A118 -> 2. Uniformes e Equipamentos de Proteção Individual | E24: =F132 -> 14240 | F24: =IFERROR(E24/$E$27,0) -> 0.029177515
A25: =A119 -> 2.1. Uniformes e EPIs | E25: =F132 -> 14240 | F25: =IFERROR(E25/$E$27,0) -> 0.029177515
A26: =A136 -> 3. Benefícios e Despesas Indiretas - BDI | E26: =+F142 -> 91293.086 | F26: =IFERROR(E26/$E$27,0) -> 0.18705796
A27: PREÇO TOTAL MENSAL | E27: =E16+E26+E24 -> 488047.05 | F27: =F16+F26+F24 -> 1
A30: Quantitativos
A31: Mão-de-obra | E31: Quantidade
A32: 1.1. Auxiliar de Limpeza | E32: =C49 -> 59
A33: 1.2. Cozinheira | E33: =C59 -> 26
A34: 1.3. Monitor de Alunos | E34: =C69 -> 5
A35: 1.4. Vigia/Porteiro | E35: =C79 -> 6
A36: Total de mão-de-obra (postos de trabalho) | E36: =SUM(E32:E35) -> 96
A38: Fator de utilização (FU) | B38: =40/44 -> 0.90909091
A40: 1. Mão-de-obra - 40h semanais | B40: Convenção Coletiva De Trabalho 2024
B41: NÚMERO DE REGISTRO NO MTE: RS000044/2024
A42: =A32 -> 1.1. Auxiliar de Limpeza
A43: Discriminação | B43: Unidade | C43: Quantidade | D43: Custo unitário | E43: Subtotal | F43: Total (R$)
A44: Piso da categoria - (40 horas) - CBO 5143 | B44: mês | C44: 1 | D44: 1540.51 | E44: =C44*D44 -> 1540.51
A45: Adicional de Insalubridade | B45: % | C45: 40 | D45: =D44 -> 1540.51 | E45: =C45*D45/100 -> 616.204
A46: Soma | E46: =SUM(E44:E45) -> 2156.714 | I46: Faxineiro, limpador, auxiliar de serviços gerais, auxiliar de limpeza, servente de limpeza, auxiliar de limpeza técnica em indústria automotiva
A47: Encargos Sociais | B47: % | C47: ='2.Encargos Sociais'!$D$36*100 -> 75.1557 | D47: =E46 -> 2156.714 | E47: =D47*C47/100 -> 1620.8935 | I47: 5143
A48: Total por Funcionário | E48: =E46+E47 -> 3777.6075 | I48: 1540.51
A49: Total do Efetivo | B49: Funcionário | C49: 59 | D49: =E48 -> 3777.6075 | E49: =C49*D49 -> 222878.84
D50: Fator de utilização | E50: =$B$38 -> 0.90909091 | F50: =E49*E50 -> 202617.13
A52: =A33 -> 1.2. Cozinheira
A53: Discriminação | B53: Unidade | C53: Quantidade | D53: Custo unitário | E53: Subtotal | F53: Total (R$)
A54: Piso da categoria - (40 horas) - CBO 5132 | B54: mês | C54: 1 | D54: 1617.44 | E54: =C54*D54 -> 1617.44 | I54: Copeiro
A55: Adicional de Insalubridade | B55: % | C55: 20 | D55: =D54 -> 1617.44 | E55: =C55*D55/100 -> 323.488 | I55: 5134
A56: Soma | E56: =SUM(E54:E55) -> 1940.928 | I56: 1540.51
A57: Encargos Sociais | B57: % | C57: ='2.Encargos Sociais'!$D$36*100 -> 75.1557 | D57: =E56 -> 1940.928 | E57: =D57*C57/100 -> 1458.718 | I57: Cozinheiro geral, cozinheiro açogueiro, cozinheiro, merendeiro de escola/creche
A58: Total por Funcionário | E58: =E56+E57 -> 3399.646 | I58: 5132
A59: Total do Efetivo | B59: Funcionário | C59: 26 | D59: =E58 -> 3399.646 | E59: =C59*D59 -> 88390.797 | I59: 1617.44
D60: Fator de utilização | E60: =$B$38 -> 0.90909091 | F60: =E59*E60 -> 80355.27
A62: =A34 -> 1.3. Monitor de Alunos
A63: Discriminação | B63: Unidade | C63: Quantidade | D63: Custo unitário | E63: Subtotal | F63: Total (R$) | I63: Monitor/atendente de creche ou albergue infantil
A64: Piso da categoria - (40 horas) - CBO 3341 | B64: mês | C64: 1 | D64: 1636.55 | E64: =C64*D64 -> 1636.55 | I64: 3341
A65: Adicional de Insalubridade | B65: % | C65: 20 | D65: =D64 -> 1636.55 | E65: =C65*D65/100 -> 327.31 | I65: 1636.55
A66: Soma | E66: =SUM(E64:E65) -> 1963.86
A67: Encargos Sociais | B67: % | C67: ='2.Encargos Sociais'!$D$36*100 -> 75.1557 | D67: =E66 -> 1963.86 | E67: =D67*C67/100 -> 1475.9527 | I67: Vigia, Guarda Patrimonial
A68: Total por Funcionário | E68: =E66+E67 -> 3439.8127 | I68: 5174
A69: Total do Efetivo | B69: Funcionário | C69: 5 | D69: =E68 -> 3439.8127 | E69: =C69*D69 -> 17199.064 | I69: 1854.91
D70: Fator de utilização | E70: =$B$38 -> 0.90909091 | F70: =E69*E70 -> 15635.512
A72: =A35 -> 1.4. Vigia/Porteiro | I72: Porteiro
A73: Discriminação | B73: Unidade | C73: Quantidade | D73: Custo unitário | E73: Subtotal | F73: Total (R$) | I73: 5174
A74: Piso da categoria - (40 horas) - CBO 5174 | B74: mês | C74: 1 | D74: 1854.91 | E74: =C74*D74 -> 1854.91 | I74: 1854.91
A75: Adicional de Insalubridade | B75: % | C75: 0 | D75: =D74 -> 1854.91 | E75: =C75*D75/100 -> 0
A76: Soma | E76: =SUM(E74:E75) -> 1854.91
A77: Encargos Sociais | B77: % | C77: ='2.Encargos Sociais'!$D$36*100 -> 75.1557 | D77: =E76 -> 1854.91 | E77: =D77*C77/100 -> 1394.0706
A78: Total por Funcionário | E78: =E76+E77 -> 3248.9806
A79: Total do Efetivo | B79: Funcionário | C79: 6 | D79: =E78 -> 3248.9806 | E79: =C79*D79 -> 19493.884
D80: Fator de utilização | E80: =$B$38 -> 0.90909091 | F80: =E79*E80 -> 17721.712
A87: 1.5. Vale-alimentação
A88: Discriminação | B88: Unidade | C88: Quantidade | D88: Custo unitário | E88: Subtotal | F88: Total (R$)
A89: =A42 -> 1.1. Auxiliar de Limpeza | B89: unidade | C89: =22*(C49) -> 1298 | D89: =ROUND(23.68*0.81,2) -> 19.18 | E89: =C89*D89 -> 24895.64
A90: =A52 -> 1.2. Cozinheira | B90: unidade | C90: =22*(C59) -> 572 | D90: =D89 -> 19.18 | E90: =C90*D90 -> 10970.96
A91: =A62 -> 1.3. Monitor de Alunos | B91: unidade | C91: =22*(C69) -> 110 | D91: =D90 -> 19.18 | E91: =C91*D91 -> 2109.8
A92: =A72 -> 1.4. Vigia/Porteiro | B92: unidade | C92: =22*(C79) -> 132 | D92: =D91 -> 19.18 | E92: =C92*D92 -> 2531.76
F93: =SUM(E89:E92) -> 40508.16
A95: 1.6. Vale-transporte | B95: Valor unitário = R$ 3,90
A96: Discriminação | B96: Unidade | C96: Quantidade | D96: Custo unitário | E96: Subtotal | F96: Total (R$)
A97: =A89 -> 1.1. Auxiliar de Limpeza | B97: unidade | C97: =C49 -> 59 | D97: =3.9*4*22 -> 343.2 | G97: =3.9*4*22 -> 343.2 | H97: =G97*C97 -> 20248.8
A98: valor com desconto (6% salário) | D98: =D97-(D44*0.06) -> 250.7694 | E98: =D98*C97 -> 14795.395
A99: =A90 -> 1.2. Cozinheira | B99: unidade | C99: =C59 -> 26 | D99: =D97 -> 343.2
A100: valor com desconto (6% salário) | D100: =D99-D54*0.06 -> 246.1536 | E100: =D100*C99 -> 6399.9936
A101: =A91 -> 1.3. Monitor de Alunos | B101: unidade | C101: =C69 -> 5 | D101: =D99 -> 343.2
A102: valor com desconto (6% salário) | D102: =D101-D64*0.06 -> 245.007 | E102: =D102*C101 -> 1225.035
A103: =A92 -> 1.4. Vigia/Porteiro | B103: unidade | C103: =C79 -> 6 | D103: =D101 -> 343.2
A104: valor com desconto (6% salário) | D104: =D103-D74*0.06 -> 231.9054 | E104: =D104*C103 -> 1391.4324
F105: =SUM(E97:E104) -> 23811.856
A108: 1.7. Benefício familiar
A109: Discriminação | B109: Unidade | C109: Quantidade | D109: Custo unitário | E109: Subtotal | F109: Total (R$)
A110: =A89 -> 1.1. Auxiliar de Limpeza | B110: unidade | C110: =(C49) -> 59 | D110: 19.42 | E110: =C110*D110 -> 1145.78
A111: =A90 -> 1.2. Cozinheira | B111: unidade | C111: =(C59) -> 26 | D111: 19.42 | E111: =C111*D111 -> 504.92
A112: =A91 -> 1.3. Monitor de Alunos | B112: unidade | C112: =(C69) -> 5 | D112: 19.42 | E112: =C112*D112 -> 97.1
A113: =A92 -> 1.4. Vigia/Porteiro | B113: unidade | C113: =(C79) -> 6 | D113: 19.42 | E113: =C113*D113 -> 116.52
F114: =SUM(E110:E113) -> 1864.32
A116: Custo Mensal com Mão-de-obra (R$/mês) | F116: =F93+F60+F50+F114+F70+F105+F80 -> 382513.96
A118: 2. Uniformes e Equipamentos de Proteção Individual
A119: 2.1. Uniformes e EPIs
A120: Discriminação | B120: Unidade | C120: Durabilidade (meses) | D120: Custo unitário | E120: Subtotal | F120: Total (R$)
A121: Calça | B121: unidade | C121: 6 | D121: 80 | E121: =IFERROR(D121/C121,0) -> 13.333333
A122: Camiseta | B122: unidade | C122: 4 | D122: 50 | E122: =IFERROR(D122/C122,0) -> 12.5
A123: Calçado | B123: par | C123: 6 | D123: 70 | E123: =IFERROR(D123/C123,0) -> 11.666667
A124: Bota cano alto | B124: par | C124: 12 | D124: 40 | E124: =IFERROR(D124/C124,0) -> 3.3333333
A125: Avental | B125: unidade | C125: 6 | D125: 30 | E125: =IFERROR(D125/C125,0) -> 5
A126: Jaqueta | B126: unidade | C126: 12 | D126: 120 | E126: =IFERROR(D126/C126,0) -> 10
A127: Luva de proteção | B127: par | C127: 3 | D127: 20 | E127: =IFERROR(D127/C127,0) -> 6.6666667
A128: Meia em algodão | B128: par | C128: 3 | D128: 15 | E128: =IFERROR(D128/C128,0) -> 5
A129: Moletom manga longa | B129: Unidade | C129: 12 | D129: 60 | E129: =IFERROR(D129/C129,0) -> 5
...

Sheet 2.Encargos Sociais
C6: https://www.pge.rs.gov.br/minutas-de-editais-e-contratos-rs
C7: 2. Composição dos Encargos Sociais
C8: GRUPO II: OBRIGAÇÕES SOCIAIS
C9: INSS | D9: 0.2
C10: SESI ou SESC | D10: 0.015
C11: SENAI ou SENAC | D11: 0.01
C12: INCRA | D12: 0.002
C13: SALÁRIO EDUCAÇÃO | D13: 0.025
C14: FGTS | D14: 0.08
C15: SEGURO ACIDENTE DO TRABALHO | D15: 0.03
C16: SEBRAE | D16: 0.006
C18: GRUPO III: TEMPO NÃO TRABALHADO
C19: FÉRIAS + ADICIONAL DE FÉRIAS | D19: 0.119314
C20: FALTAS ABONADAS | D20: 0.020479
C21: FALTAS LEGAIS | D21: 0.012123
C22: LICENÇA MATERNIDADE | D22: 0.011436
C23: LICENÇA PATERNIDADE | D23: 0.000174
C24: ACIDENTE DE TRABALHO | D24: 0.000442
C25: AVISO PRÉVIO TRABALHADO | D25: 0.000185
C26: 13º SALÁRIO | D26: 0.09079
C28: GRUPO IV: INDENIZAÇÕES
C29: INDENIZAÇÕES | D29: 0.023627
C30: FGTS SOBRE INDENIZAÇÕES | D30: 0.001717
C31: INDENIZAÇÃO COMPENSATÓRIA POR DEMISSÃO S/JUSTA CAUSA | D31: 0.009451
C33: GRUPO V – INCIDÊNCIA DO GRUPO II
C34: INCIDÊNCIA GRUPO II x (GRUPO III) | D34: 0.093819
C36: TOTAL DOS ENCARGOS SOCIAIS | D36: 0.751557

Sheet 3.BDI
A8: 3. Composição do BDI - Benefícios e Despesas Indiretas
D10: Referência estudo TCE
D11: 1° Quartil | E11: Médio | F11: 3° Quartil
A12: Administração Central | B12: AC | C12: 0.03 | D12: 0.0297 | E12: 0.0508 | F12: 0.0627
A13: Seguros/Riscos/Garantias | B13: SRG | C13: 0.01 | D13: =0.3%+0.56% -> 0.0086 | E13: =0.48%+0.85% -> 0.0133 | F13: =0.82%+0.89% -> 0.0171
A14: Lucro | B14: L | C14: 0.1 | D14: 0.0778 | E14: 0.1085 | F14: 0.1355
A15: Despesas Financeiras | B15: DF | C15: =(1+E15)^(E16/252)-1 -> 0.0037893113 | D15: i | E15: 0.1
A16: Tributos - ISS | B16: T | C16: 0.03 | D16: DU | E16: 10
A17: Tributos - PIS/COFINS | C17: 0.0365
A18: Fórmula para o cálculo do BDI:
A19: {[(1+AC+SRG) x (1+L) x (1+DF)] / (1-T)} -1
A20: Resultado do cálculo do BDI: | C20: =ROUND((((1+C12+C13)*(1+C14)*(1+C15))/(1-(C16+C17))-1),4) -> 0.2301 | D20: 0.2143 | E20: 0.2717 | F20: 0.3362

Sheet 4.Locais de trabalho
A5: SECRETARIA RESPONSÁVEL | B5: LOCAIS | C5: COZINHA | D5: LIMPEZA | E5: COPA | F5: MONITORAMENTO | G5: VIGIA | H5: TOTAL
A6: SECRETARIA DA EDUCAÇÃO | B6: EMEF JOSÉ DE ANCHIETA | D6: 1 | H6: =SUM(C6:G6) -> 1
A7: SECRETARIA DA EDUCAÇÃO | B7: EMEF FLORESTA | C7: 2 | D7: 2 | F7: 1 | H7: =SUM(C7:G7) -> 5
A8: SECRETARIA DA EDUCAÇÃO | B8: EMEF SANTA TERESINHA | C8: 3 | D8: 4 | F8: 2 | H8: =SUM(C8:G8) -> 9
A9: SECRETARIA DA EDUCAÇÃO | B9: EMEF RINCAO SECO | C9: 1 | D9: 2 | H9: =SUM(C9:G9) -> 3
A10: SECRETARIA DA EDUCAÇÃO | B10: EMEF ALFREDO BRENNER | C10: 2 | D10: 2 | H10: =SUM(C10:G10) -> 4
A11: SECRETARIA DA EDUCAÇÃO | B11: EMEF HERMANY | C11: 2 | D11: 2 | F11: 1 | H11: =SUM(C11:G11) -> 5
A12: SECRETARIA DA EDUCAÇÃO | B12: EMEI FLORESTA | C12: 1 | D12: 2 | H12: =SUM(C12:G12) -> 3
A13: SECRETARIA DA EDUCAÇÃO | B13: EMEI PLANALTO | C13: 1 | D13: 2 | H13: =SUM(C13:G13) -> 3
A14: SECRETARIA DA EDUCAÇÃO | B14: EMEI ALICE FLECK | C14: 2 | D14: 2 | H14: =SUM(C14:G14) -> 4
A15: SECRETARIA DA EDUCAÇÃO | B15: EMEI ARTHUR KANITZ | C15: 2 | D15: 2 | H15: =SUM(C15:G15) -> 4
A16: SECRETARIA DA EDUCAÇÃO | B16: EMEI PROGRESSO | C16: 2 | D16: 2 | H16: =SUM(C16:G16) -> 4
A17: SECRETARIA DA EDUCAÇÃO | B17: CRECHE CENTRAL | C17: 1 | D17: 2 | H17: =SUM(C17:G17) -> 3
A18: SECRETARIA DA EDUCAÇÃO | B18: CRECHE GISLA | C18: 1 | D18: 2 | H18: =SUM(C18:G18) -> 3
A19: SECRETARIA DA EDUCAÇÃO | B19: CRECHE NONA OLGA | C19: 2 | D19: 2 | H19: =SUM(C19:G19) -> 4
A20: SECRETARIA DA EDUCAÇÃO | B20: CRECHE PÔR DO SOL | C20: 1 | D20: 2 | H20: =SUM(C20:G20) -> 3
A21: SECRETARIA DA EDUCAÇÃO | B21: CASA DE CULTURA/MUSEU | D21: 1 | G21: 1 | H21: =SUM(C21:G21) -> 2
A22: SECRETARIA DA EDUCAÇÃO | B22: BIBLIOTECA/ALMOXARIFADO | D22: 1 | H22: =SUM(C22:G22) -> 1
A23: SECRETARIA DA EDUCAÇÃO | B23: SECRETARIA DE EDUCAÇÃO/EMATER/SINE | D23: 1 | H23: =SUM(C23:G23) -> 1
A24: SECRETARIA DA EDUCAÇÃO | B24: GINASIÃO/GINÁSIO PLANALTO, FLORESTA, JARDIM | D24: 4 | F24: 1 | G24: 2 | H24: =SUM(C24:G24) -> 7
A25: SECRETARIA DA ADMINISTRAÇÃO/FAZENDA | B25: PRÉDIO DA PREFEITURA | D25: 2 | H25: =SUM(C25:G25) -> 2
A26: SECRETARIA DA SAÚDE | B26: SECRETARIA DA SAÚDE/POSTÃO | D26: 5 | G26: 2 | H26: =SUM(C26:G26) -> 7
A27: SECRETARIA DA SAÚDE | B27: POSTOS DE SAÚDE - ESF FLORESTA | D27: 1 | H27: =SUM(C27:G27) -> 1
A28: SECRETARIA DA SAÚDE | B28: POSTOS DE SAÚDE - ESF JARDIM | D28: 1 | H28: =SUM(C28:G28) -> 1
A29: SECRETARIA DA SAÚDE | B29: POSTOS DE SAÚDE - ESF PROGRESSO | D29: 1 | H29: =SUM(C29:G29) -> 1
A30: SECRETARIA DA SAÚDE | B30: POSTOS DE SAÚDE - ESF HERMANY | D30: 1 | H30: =SUM(C30:G30) -> 1
A31: SECRETARIA DA SAÚDE | B31: POSTOS DE SAÚDE - ESF ALFREDO BRENNER | D31: 1 | H31: =SUM(C31:G31) -> 1
A32: SECRETARIA DA SAÚDE | B32: POSTO ODONTOLÓGICO | D32: 1 | H32: =SUM(C32:G32) -> 1
A33: SECRETARIA DA SAÚDE | B33: CANIL MUNICIPAL | D33: 1 | H33: =SUM(C33:G33) -> 1
A34: SECRETARIA DA SAÚDE | B34: CAPS | C34: 1 | D34: 1 | G34: 1 | H34: =SUM(C34:G34) -> 3
A35: SECRETARIA DE ASSISTÊNCIA SOCIAL | B35: APAE | C35: 1 | D35: 1 | H35: =SUM(C35:G35) -> 2
A36: SECRETARIA DE ASSISTÊNCIA SOCIAL | B36: SECRETARIA DE ASSISTÊNCIA/CRAS/CONSELHO TUTELAR | D36: 2 | H36: =SUM(C36:G36) -> 2
A37: SECRETARIA DE ASSISTÊNCIA SOCIAL | B37: CENTRO SOCIAL FLORESTA | C37: 1 | D37: 1 | H37: =SUM(C37:G37) -> 2
A38: SECRETARIA DE ASSISTÊNCIA SOCIAL | B38: CENTRO SOCIAL PROGRESSO | D38: 1 | H38: =SUM(C38:G38) -> 1
A39: SECRETARIA DE AGRICULTURA/SECRETARIA DE IND. COMÉRCIO | B39: SECRETARIA DE AGRICULTURA/SECRETARIA DE IND. COMÉRCIO | D39: 1 | H39: =SUM(C39:G39) -> 1
A40: TOTAL | C40: =SUM(C6:C39) -> 26 | D40: =SUM(D6:D39) -> 59 | E40: =SUM(E6:E39) -> 0 | F40: =SUM(F6:F39) -> 5 | G40: =SUM(G6:G39) -> 6 | H40: =SUM(C40:G40) -> 96
